 Dungeon Crawl Stone Soup version bcrawl-1.20.1 (webtiles) character file.

Game seed: 13507879851043556541

523 Freyura the Cudgeler (level 7, -2/55 HPs)
             Began as a Demonspawn Abyssal Knight on Jan 25, 2020.
             Was a Believer of Lugonu.
             Killed from afar by Dowan (13 damage)
             ... with a shard of ice
             ... on level 4 of the Dungeon.
             The game lasted 00:12:39 (3945 turns).

Freyura the Cudgeler (Demonspawn Abyssal Knight)    Turns: 3945, Time: 00:12:39

Health: -2/55      AC: 10    Str: 12    XL:     7   Next: 2%
Magic:  9/9        EV:  9    Int: 14    God:    Lugonu [**....]
Gold:   225        SH:  0    Dex: 14    Spells: 6/6 levels left

rFire    . . .     SeeInvis .   s - +2 mace (crush)
rCold    . . .     Gourm    .   (no shield)
rNeg     . . .     Faith    .   o - +0 scale mail
rPois    .         Spirit   .   (no helmet)
rElec    .         Reflect  .   (no cloak)
rCorr    .         Harm     .   p - +2 pair of gloves
MR       .....                  (no boots)
Stlth    ..........             (no amulet)
HPRegen  0.18/turn              (no ring)
MPRegen  0.11/turn              (no ring)

@: no status effects
A: talons 1, powered by pain 2, rot immunity
a: Depart the Abyss, Bend Space, Banish, Renounce Religion


You were on level 4 of the Dungeon.
You worshipped Lugonu.
Lugonu was pleased with you.
You were not hungry.

You visited 1 branch of the dungeon, and saw 4 of its levels.
You visited the Abyss 1 time.

You collected 225 gold pieces.

Inventory:

Hand Weapons
 a - a +2 mace
 s - a +2 mace of crushing (weapon)
Missiles
 c - 10 tomahawks of dispersal (quivered)
 d - 540 stones
Armour
 j - a +0 chain mail
 o - a +0 scale mail (worn)
 p - a +2 pair of gloves (worn)
Wands
 q - a wand of random effects (5)
Scrolls
 f - a scroll of identify
 h - 3 scrolls of teleportation
Potions
 g - a potion of curing
 k - 2 potions of mutation
 n - 2 potions of degeneration
Comestibles
 b - 2 chunks of flesh
 e - 7 rations {!d}


   Skills:
 + Level 4.3 Fighting
 * Level 5.1 Maces & Flails
 - Level 0.8 Throwing
 + Level 3.2 Armour
 + Level 2.1 Dodging
 + Level 0.1 Stealth
 + Level 3.0 Invocations


You had 6 spell levels left.
You didn't know any spells.
Your spell library was empty.

Dungeon Overview and Level Annotations

Branches:
Dungeon (4/12)
 Temple: D:4-7

Altars:
Elyvilon
Ru

Annotations:
D:4 Dowan


Innate Abilities, Weirdness & Mutations

You have sharp toenails.
You sometimes gain power by taking damage.
You are immune to rotting.


Message History

* * * LOW HITPOINT WARNING * * *
Dowan hits you but does no damage.
You sock the bullfrog skeleton!
You destroy the bullfrog skeleton!
Lugonu accepts your kill.
You feel your dexterity returning.
You have reached level 7!
Your demonic ancestry asserts itself...
You feel even more energised by your suffering.
Dowan hits you but does no damage. x2
You hit Dowan. Your kick misses Dowan.
Dowan is lightly wounded.
Dowan hits you but does no damage.
Dowan hits you with a +4 dagger of speed.
* * * LOW HITPOINT WARNING * * *
You hit Dowan. You claw Dowan.
Dowan is heavily wounded.
Dowan gestures at you while chanting. The shard of ice hits you!
You die...

.♣...≈≈≈...#
....≈≈≈≈≈..## ###
....≈≈♣≈≈...# ..
....≈≈≈≈≈...# .#
.♣...≈≈≈....#####.#
♣♣♣.......#.......#
♣ ♣♣.............##
♣♣###.###.###e# #.
#.# #@# #. #.# #)#
..# #.# ..# #..
.... ... ... ##..
#. #.


You could see Dowan.

Vanquished Creatures
  Eustachio (D:4)
  Duvessa (D:4)
  A howler monkey (D:4)
  An orc priest (D:4)
  A bullfrog skeleton (D:4)
  2 orc wizards
  4 adders
  An ooze (D:2)
  3 worms
  2 dart slugs
  3 leopard geckos
  8 orcs
  10 bats
  2 giant cockroaches
  6 goblins
  8 hobgoblins
  2 jackals (D:1)
  7 kobolds
  5 frilled lizards
  4 rats
72 creatures vanquished.

Notes
Turn   | Place    | Note
-------+----------+-------------------------------------------
     0 | Abyss:1  | Freyura the Demonspawn Abyssal Knight began the quest for
                  | the Orb.
     0 | Abyss:1  | Reached XP level 1. HP: 18/18 MP: 2/2
     6 | Abyss:1  | Found a corrupted altar of Lugonu.
    47 | Abyss:1  | Noticed a small abomination
    48 | D:1      | Escaped the Abyss
   280 | D:1      | Gained mutation: You sometimes gain a little power by
                  | taking damage. [demonic ancestry]
   280 | D:1      | Reached XP level 2. HP: 21/24 MP: 2/4
   360 | D:1      | Reached * piety under Lugonu
   360 | D:1      | Reached skill level 1 in Dodging
   366 | D:1      | Reached skill level 2 in Maces & Flails
   996 | D:1      | Gained mutation: You are immune to rotting. [demonic
                  | ancestry]
   996 | D:1      | Reached XP level 3. HP: 29/29 MP: 5/5
  1941 | D:2      | Found a sacrificial altar of Ru.
  2255 | D:3      | Reached XP level 4. HP: 36/36 MP: 6/6
  2867 | D:3      | Reached ** piety under Lugonu
  2878 | D:3      | Reached skill level 3 in Maces & Flails
  3469 | D:3      | Gained mutation: You have sharp toenails. [demonic
                  | ancestry]
  3469 | D:3      | Reached XP level 5. HP: 42/42 MP: 7/7
  3744 | D:4      | Reached skill level 4 in Maces & Flails
  3750 | D:4      | Noticed Eustachio
  3802 | D:4      | Killed Eustachio
  3802 | D:4      | Reached XP level 6. HP: 33/48 MP: 8/8
  3889 | D:4      | Found a white marble altar of Elyvilon.
  3915 | D:4      | Noticed Duvessa
  3924 | D:4      | Noticed Dowan
  3939 | D:4      | Killed Duvessa
  3939 | D:4      | Reached skill level 5 in Maces & Flails
  3943 | D:4      | Gained mutation: You sometimes gain power by taking damage.
                  | [demonic ancestry]
  3943 | D:4      | Reached XP level 7. HP: 14/55 MP: 9/9
  3945 | D:4      | Killed from afar by Dowan

Skill      XL: |  1  2  3  4  5  6 |
---------------+-------------------+-----
Invocations    | 3 |  3.0
Dodging        | 1 2 |  2.1
Maces & Flails | 2 3 4 5 |  5.1
Armour         | 2 3 |  3.2
Fighting       | 4 |  4.3
Throwing       | |  0.8
Stealth        | |  0.1

Action                   |  1- 3 |  4- 6 |  7- 9 || total
-------------------------+-------+-------+-------++-------
Melee: Mace              |   147 |   168 |     2 ||   317
       Kick              |       |    18 |     1 ||    19
Invok: Depart the Abyss  |     1 |       |       ||     1
  Use: Scroll            |     6 |     5 |       ||    11
       Potion            |       |     1 |       ||     1
  Eat: Chunk             |     4 |     6 |       ||    10
Armor: Leather armour    |    25 |       |       ||    25
       Ring mail         |    18 |       |       ||    18
       Scale mail        |     6 |    98 |     3 ||   107
Dodge: Dodged            |   108 |    94 |       ||   202
